Map: Frozen Temple

Players

Lauro

  • Race: Zerg Zerg
  • League: Bronze

Gracz - Winner!

  • Race: Protoss Protoss
  • League: Bronze

VOD

Have the link to the VOD?

Description

Time

  • Played on: Sept. 15, 2016, 10:26 a.m.
  • Length: 4:38
Show
View Real Time Build Order
Export as new Build Order

Lauro Zerg 

Build Orders: Pool Only 

Get SALT Encoding   

  12  0:26  Spawning Pool  
  11  1:06  Evolution Chamber  
  10  1:43  Drone x2  
  10  1:44  Drone  
  13  2:17  Extractor, Queen  
  14  2:23  Extractor  
  13  2:56  Zergling x2  
  14  4:16  Evolution Chamber  
Show
View Real Time Build Order
Export as new Build Order

Gracz Protoss - Winner!

Build Orders: 1 Gate Expand 

Get SALT Encoding   

  12  0:01  Probe (Chrono Boost)  
  13  0:15  Pylon  
  13  0:32  Probe (Chrono Boost)  
  14  0:36  Gateway  
  14  0:40  Assimilator  
  14  0:42  Probe (Chrono Boost)  
  15  0:53  Probe (Chrono Boost)  
  16  1:03  Probe (Chrono Boost)  
  17  1:14  Probe (Chrono Boost)  
  18  1:26  Nexus  
  18  1:31  Probe (Chrono Boost)  
  19  1:39  Zealot  
  21  1:44  Probe (Chrono Boost)  
  22  1:55  Probe (Chrono Boost)  
  23  2:01  Cybernetics Core  
  23  2:10  Pylon  
  23  2:29  Probe (Chrono Boost)  
  24  2:42  Warp Gate  
  24  2:53  Probe (Chrono Boost)  
  27  2:59  Mothership Core (Chrono Boost)  
  27  3:03  Gateway, Probe (Chrono Boost)  
  28  3:06  Gateway  
  28  3:08  Gateway x2  
  28  3:14  Probe (Chrono Boost)  
  28  3:15  Pylon  
  29  3:24  Stalker, Probe (Chrono Boost)  
  32  4:03  Stalker x4  
  32  4:04  Stalker  
Tags
 
Add a new tag
Caveats
  • Supply blocks, unpowered buildings, or Contaminate may cause inaccurate times.
  • Supply counts are checked every 10 seconds.